 Dungeon Crawl Stone Soup version 0.31.0-32-g396128a36d (webtiles) character file.

Game seed: 1221015005149174684

145687 Charlie33ad the Warrior (level 16, -5/161 HPs)
             Began as a Minotaur Chaos Knight on Mar 15, 2024.
             Was a Plaything of Xom.
             Slain by a +3 glaive of venom (12 damage)
             ... on level 2 of the Elven Halls.
             The game lasted 01:23:18 (23192 turns).

Charlie33ad the Warrior (Minotaur Chaos Knight)    Turns: 23192, Time: 01:23:19

Health: -5/161     AC: 24    Str: 34    XL:     16   Next: 87%
Magic:  5/5        EV: 15    Int:  7    God:    Xom [....*.]
Gold:   1428       SH:  0    Dex: 13    Spells: 15/15 levels left

rFire   . . .        N - +8 Wrath of Trog {antimagic, *Rage Rampage}
rCold   + . .        (shield currently unavailable)
rNeg    . . .        e - +7 plate armour of Gestures {Stlth+}
rPois   .            (helmet restricted)
rElec   +            (no cloak)
rCorr   .            (no gloves)
SInv    +            k - +0 pair of boots
Will    +....        l - amulet of Mutualism {Acrobat Regen+} Stlth
                     P - ring of Doubts {*Corrode rElec AC+4 Int+2 Slay+5}
HPRegen 2.06/turn    K - +6 ring of strength
MPRegen 0.09/turn

%: random rage (50%), corrode self (3%), acrobat, rampage
@: lethally poisoned (-5 -> -11), corroded, on berserk cooldown, slowed, very
slow
A: horns 2, retaliatory headbutt, iridescent scales 1, see invisible, agile 1,
cold resistance 1, dopey 1, regeneration 1, strong 1, MP-powered wands, noise
suppression
a: Renounce Religion


You were on level 2 of the Elven Halls.
You worshipped Xom.
You were a beloved toy of Xom.
You visited 4 branches of the dungeon, and saw 22 of its levels.
You also visited: Ossuary.

You collected 2548 gold pieces.
You spent 1120 gold pieces at shops.

Inventory:

Hand Weapons
 F - the +5 Force Lance {heavy, knockback}
   (You found it on level 10 of the Dungeon)
 N - the +8 Wrath of Trog (weapon) {antimagic, *Rage Rampage}
   (You bought it in a shop on level 2 of the Orcish Mines)

   It causes slowness and exhaustion when equipped.
   It extends the wielder's berserk rage when killing foes.
   *Rage:     It berserks you when you make melee attacks (+50% chance).
   Rampage:   It bestows one free step when moving towards enemies.
Missiles
 t - 4 throwing nets (quivered)
Armour
 e - the +7 plate armour of Gestures (worn) {Stlth+}
   (You acquired it on level 4 of the Lair of Beasts)

   Stlth+:    It makes you more stealthy.
 k - a +0 pair of boots (worn)
Jewellery
 l - the amulet of Mutualism (around neck) {Acrobat Regen+}
   (You acquired it on level 4 of the Lair of Beasts)

   [amulet of the acrobat]

   Acrobat:   It increases your evasion while moving and waiting.
   Regen+:    It increases your rate of health regeneration.
 o - the ring "Qerism" {rPois rF++ rN+}
   (Xom gifted it to you on level 5 of the Lair of Beasts)

   [ring of positive energy]

   rF++:      It greatly protects you from fire.
   rPois:     It protects you from poison rN+: It protects you from negative
   energy.
 v - an amulet of faith
 x - a ring of see invisible
 E - a ring of flight
 K - a +6 ring of strength (right hand)
 P - the ring of Doubts (left hand) {*Corrode rElec AC+4 Int+2 Slay+5}
   (You took it off a human on level 8 of the Dungeon)

   [ring of protection]

   AC+4:      It affects your AC (+4).
   Int+2:     It affects your intelligence (+2).
   Slay+5:    It affects your accuracy & damage with ranged weapons and melee
   (+5).
   rElec:     It insulates you from electricity.
   *Corrode:  It may corrode you when you take damage.
 Q - a ring of ice
Wands
 w - a wand of light (5)
 y - a wand of iceblast (26)
 R - a wand of charming (22)
 U - a wand of polymorph (4)
 X - a wand of mindburst (4)
Scrolls
 a - a scroll of enchant weapon
 b - 2 scrolls of identify
 d - 4 scrolls of poison
 h - 8 scrolls of noise
 m - 2 scrolls of torment
 n - 6 scrolls of teleportation
 p - 2 scrolls of fear
 D - a scroll of revelation {unknown}
 L - a scroll of silence {unknown}
 M - 5 scrolls of immolation
 O - 3 scrolls of amnesia
 S - 2 scrolls of vulnerability
 Y - 2 scrolls of brand weapon
Potions
 c - 4 potions of haste
 f - 2 potions of might {unknown}
 g - 6 potions of magic
 i - 4 potions of attraction
 j - 7 potions of degeneration
 r - a potion of experience {unknown}
 u - 7 potions of curing
 z - 2 potions of berserk rage {unknown}
 A - 5 potions of brilliance
 B - 2 potions of resistance {unknown}
 C - 2 potions of mutation {unknown}
 H - a potion of enlightenment {unknown}
 J - 5 potions of lignification {unknown}
 Z - a potion of cancellation {unknown}
Miscellaneous
 s - a phantom mirror
 W - a condenser vane


   Skills:
 * Level 19.5 Fighting
 + Level 19.2 Axes
 + Level 16.0 Armour
 + Level 14.7 Dodging


You had 15 spell levels left.
You didn't know any spells.
Your spell library contained the following spells:

 Spells                   Type           Power      Damage    Failure   Level
 Magic Dart               Conj           0%         1d3       89%         1
 Necrotise                Necr           0%         1d4       89%         1
 Sting                    Conj/Alch      0%         1d3       89%         1
 Blink                    Tloc           0%         N/A       96%         2
 Call Imp                 Summ           0%         N/A       96%         2
 Cigotuvi's Dreadful Rot  Necr/Alch/Air  0%         N/A       96%         2
 Jinxbite                 Hex            0%         N/A       96%         2
 Mercury Vapours          Alch/Air       0%         N/A       96%         2
 Searing Ray              Conj           0%         2d4       96%         2
 Call Canine Familiar     Summ           0%         N/A       99%         3
 Dazzling Flash           Conj/Hex       0%         N/A       99%         3
 Fugue of the Fallen      Necr           0%         N/A       99%         3
 Ozocubu's Armour         Ice            0%         N/A       99%         3
 Sigil of Binding         Hex            0%         N/A       99%         3
 Summon Ice Beast         Ice/Summ       0%         N/A       99%         3
 Vampiric Draining        Necr           0%         2d6       99%         3
 Volatile Blastmotes      Fire/Tloc      0%         2d10      99%         3
 Animate Dead             Necr           0%         N/A       100%        4
 Dimensional Bullseye     Hex/Tloc       0%         N/A       100%        4
 Dispel Undead            Necr           0%         3d6       100%        4
 Fulminant Prism          Conj/Alch      0%         3d5       100%        4
 Ignite Poison            Fire/Alch      0%         N/A       100%        4
 Manifold Assault         Tloc           0%         N/A       100%        4
 Martyr's Knell           Necr/Summ      0%         N/A       100%        4
 Olgreb's Toxic Radiance  Alch           0%         N/A       100%        4
 Curse of Agony           Necr           0%         N/A       100%        5
 Freezing Cloud           Conj/Ice/Air   0%         6-21      100%        5
 Summon Forest            Summ/Tloc      0%         N/A       100%        5
 Summon Mana Viper        Hex/Summ       0%         N/A       100%        5
 Yara's Violent Unravell  Hex/Alch       0%         3d3       100%        5
 Death Channel            Necr           0%         N/A       100%        6
 Eringya's Noxious Bog    Alch           0%         4d6       100%        6
 Starburst                Conj/Fire      0%         6d3       100%        6
 Enfeeble                 Hex            0%         N/A       100%        7
 Haunt                    Necr/Summ      0%         N/A       100%        7
 Monstrous Menagerie      Summ           0%         N/A       100%        7
 Summon Hydra             Summ           0%         N/A       100%        7
 Infestation              Necr           0%         N/A       100%        8
 Maxwell's Capacitive Co  Air            0%         ∞         100%        8
 Chain Lightning          Conj/Air       0%         N/A       100%        9
 Fire Storm               Conj/Fire      0%         5d1       100%        9
 Shatter                  Erth           0%         3d5*      100%        9


Dungeon Overview and Level Annotations

Branches:
Dungeon (13/15)            Temple (0/1) D:6            Lair (5/5) D:9
  Swamp (0/4) Lair:2       Spider (0/4) Lair:2        Slime (0/5) Lair:4
    Orc (2/2) D:9             Elf (2/3) Orc:2       Ossuary (visited)
 Vaults: D:13-14

Altars:
Ashenzari
Cheibriados
Dithmenos
Elyvilon
Gozag
Okawaru
Qazlal
Ru
Wu Jian
Xom
Jiyva

Shops:
D:1 *   D:3 *=   D:13 :   Orc:2 :*[(::   Elf:2 **

Portals:
Trove: D:12 (give horn of Geryon)

Annotations:
D:12 1 runed translucent door
Lair:1 exclusion: oklob plant
Elf:2 3 runed translucent doors, exclusion: obsidian statue, Masud's ghost, adept TeRe


Innate Abilities, Weirdness & Mutations

You have a pair of horns on your head.
You reflexively headbutt those who attack you in melee.
You are partially covered in iridescent scales. (AC +2)
You have supernaturally acute eyesight. (SInv)
You are agile. (Dex +4, Str/Int -1)
Your flesh is cold resistant. (rC+)
You are dopey. (Int -2)
Your natural rate of healing is unusually fast.
Your muscles are strong. (Str +4, Int/Dex -1)
You expend magic power (3 MP) to strengthen your wands.
You passively dampen the noise of your surroundings.


Message History

You feel extremely sick.
The +3 glaive of venom hits you from afar!
You are more poisoned.
The fire elemental hits you. The fire elemental burns you!
The fire elemental hits you. The fire elemental burns you!
* * * LOW HITPOINT WARNING * * *
The deep elf pyromancer mumbles some strange words.
The deep elf pyromancer blinks!
The +3 glaive of venom barely misses you.
You feel extremely sick.
The fire elemental completely misses you.
You furiously retaliate!
You headbutt the fire elemental. The fire elemental hits you.
The fire elemental burns you!
* * * LOW HITPOINT WARNING * * *
Your corrosive artefact corrodes you!
The fire elemental hits you. The fire elemental burns you!
* * * LOW HITPOINT WARNING * * *
As you read the scroll of fear, it crumbles to dust.
You assume a fearsome visage.
The fire elemental is unaffected. x2
The +3 glaive of venom is unaffected.
The deep elf pyromancer looks frightened! x2
You feel very sick. The fire elemental hits you. The fire elemental burns you!
* * * LOW HITPOINT WARNING * * *
The fire elemental completely misses you.
You furiously retaliate!
You headbutt the fire elemental!
The +3 glaive of venom hits you but does no damage.
You are more poisoned.
The deep elf pyromancer cries, "Oh dear!
Oh dear!"
The deep elf pyromancer gestures wildly while chanting.
The deep elf pyromancer blinks!
The fire elemental hits you. The fire elemental burns you!
* * * LOW HITPOINT WARNING * * *
The deep elf pyromancer mumbles some strange words.
The deep elf pyromancer blinks!
The fire elemental hits you. The fire elemental burns you!
* * * LOW HITPOINT WARNING * * *
The +3 glaive of venom hits you from afar!
You die...
Xom howls with laughter!

#...≈...# ##..........
###...### .........
#...# ....... ##...##
#....# ##'''''####
##..)#
..........###..§## .
...........#e.○°(## ...
....#.........)EE.#.....
..#####..).....§@.......
....#...................
##)....##....##...##...#
###...####..####e## #.##
##### #### ### ##


You could see 2 deep elf pyromancers, 2 fire elementals and a +3 glaive of
venom.

Vanquished Creatures
  Rupert (Orc:2)
  Gastronok (D:8)
  A deep elf sorcerer (Elf:1)
  A deep elf elementalist (Elf:2)
  An ettin (Orc:2)
  Fannar (Orc:1)
  Josephine (Orc:1)
  Erolcha (D:12)
  Harold (D:9)
  5 hydras
  A catoblepas (Lair:4)
  2 two-headed ogres
  A centaur warrior (Orc:2)
  21 dancing weapons
  2 boulder beetles
  2 hell hogs (Lair:5)
  2 orc high priests (Orc:2)
  14 deep elf knights
  Sonja (D:13)
  2 skysharks
  Lodul (D:13)
  An arcanist (Elf:1)
  4 deep elf archers
  Pikel (D:4)
  A lindwurm (Lair:5)
  3 orc knights (Orc:2)
  13 deep elf zephyrmancers
  18 deep elf pyromancers
  A necromancer (Lair:3)
  A salamander (Lair:3)
  An ugly thing (D:13)
  3 cyclopes
  A manticore (D:12)
  An elephant (Lair:2)
  Maurice (Orc:1)
  6 kobold blastminers
  2 torpor snails (Lair:5)
  4 black mambas
  2 gargoyles
  12 cane toads
  2 molten gargoyles (Lair:5)
  13 komodo dragons
  7 rime drakes
  A tengu conjurer (Elf:1)
  A queen bee (Lair:4)
  3 polar bears
  4 trolls
  7 blink frogs
  3 hornets
  Prince Ribbit (D:7)
  12 dream sheep
  5 slime creatures (D:13)
  A shadow (D:11)
  2 air elementals
  3 wraiths (Orc:1)
  2 water elementals (Elf:2)
  2 fire elementals
  47 yaks
  5 humans (D:8)
  9 wyverns
  6 basilisks
  5 vampire mosquitoes
  4 wargs (Orc:2)
  3 steam dragons
  2 swamp worms (Lair:2)
  Edmund (D:5)
  3 acid dragons
  16 water moccasins
  5 hell hounds (Lair:5)
  35 orc warriors
  2 sky beasts
  An ice beast (D:6)
  2 laughing skulls (D:13)
  3 black bears
  A boggart (Elf:1)
  A phantom (D:5)
  16 wolves
  9 centaurs
  11 ogres
  13 bullfrogs
  A weeping skull (Ossuary)
  2 kobold brigands (D:8)
  3 gnoll sergeants (D:6)
  3 scorpions
  5 wights (D:9)
  A burial acolyte (Ossuary)
  An electric eel (Lair:2)
  6 howler monkeys
  5 lava snakes (Lair:5)
  12 orc priests
  A centaur zombie (Ossuary)
  4 gnoll boudas
  10 hounds
  2 jellies (D:6)
  6 iguanas
  Ijyb (D:4)
  17 orc wizards
  A yak simulacrum (Lair:3)
  5 polar bear simulacra (Lair:3)
  2 wolf simulacra (Lair:3)
  3 mummies (Ossuary)
  7 adders
  27 gnolls
  A river rat (Lair:3)
  2 shadow imps
  2 white imps (D:7)
  4 ufetubi
  3 adder zombies (D:2)
  An adder skeleton (D:2)
  2 dart slugs
  80 orcs
  A bat zombie (D:2)
  5 endoplasms (D:1)
  4 giant cockroaches
  A gnoll zombie (Ossuary)
  5 goblins
  8 hobgoblins
  8 jackals
  14 kobolds
  4 quokkas
  7 ball pythons
  A ball python skeleton (D:2)
  10 bats
  2 frilled lizards
  A kobold zombie (Ossuary)
  5 orc zombies (Ossuary)
  A quokka skeleton (D:2)
  4 rats
  3 river rat simulacra (Lair:3)
712 creatures vanquished.

Vanquished Creatures (collateral kills)
  A two-headed ogre (D:9)
  2 elephants (Lair:2)
  A black mamba (Lair:5)
  2 cane toads
  A tyrant leech (Lair:2)
  A yak (Lair:5)
  A wyvern (Lair:1)
  A basilisk (Lair:5)
  A steam dragon (Lair:5)
  An orc warrior (Orc:2)
  A wolf (Lair:5)
  A lemure (D:4)
  A bullfrog (shapeshifter) (Lair:5)
  A howler monkey (D:7)
  A hound (D:5)
  An iguana (D:5)
  2 orc wizards (D:7)
  A shadow imp (D:5)
  6 orcs
27 creatures vanquished.

Vanquished Creatures (others)
  An elephant (Lair:2)
  A komodo dragon (Lair:5)
  A water elemental (Elf:1)
  A black mamba zombie (Lair:5)
  A yak (Lair:5)
  A blink frog zombie (Lair:5)
  A yak zombie (Lair:5)
  A quokka (D:3)
  An orc zombie (Orc:1)
  A rat zombie (Lair:5)
10 creatures vanquished.

Grand Total: 749 creatures vanquished

Notes
Turn   | Place    | Note
-------+----------+-------------------------------------------
     0 | D:1      | Charlie33ad the Minotaur Chaos Knight began the quest for
                  | the Orb.
     0 | D:1      | Reached XP level 1. HP: 19/19 MP: 0/0
     6 | D:1      | Noticed a polar bear
     6 | D:1      | Noticed a mana viper
     6 | D:1      | Noticed a lindwurm
     7 | D:1      | Noticed a four-headed hydra
     7 | D:1      | Noticed a scorpion
   111 | D:1      | Found a faded altar of an unknown god.
   188 | D:1      | XOM: butterfly on damage
   191 | D:1      | Reached XP level 2. HP: 19/26 MP: 1/1
   326 | D:1      | Found Udehude's General Store.
   521 | D:1      | Reached skill level 5 in Axes
   526 | D:1      | Reached XP level 3. HP: 31/31 MP: 2/2
   541 | D:1      | XOM: god gift: 55 gold pieces
   823 | D:1      | XOM: scenery: summon butterflies
   850 | D:1      | XOM: give mutations
   850 | D:1      | Gained mutation: You are partially covered in iridescent
                  | scales. (AC +2) [Xom's grace]
   850 | D:1      | Gained mutation: You are mostly covered in iridescent
                  | scales. (AC +4) [Xom's grace]
  1044 | D:2      | XOM: give mutation
  1044 | D:2      | Gained mutation: Your flesh is cold resistant. (rC+) [Xom's
                  | grace]
  1122 | D:2      | Reached XP level 4. HP: 36/39 MP: 3/3
  1772 | D:3      | Found Qilo's Jewellery Emporium.
  1773 | D:3      | Found Toymeof's Assorted Antiques.
  1780 | D:3      | Found Abof's Book Shoppe.
  1870 | D:3      | XOM: give mutations
  1870 | D:3      | Gained mutation: You passively dampen the noise of your
                  | surroundings. [Xom's grace]
  1870 | D:3      | Gained mutation: You are completely covered in iridescent
                  | scales. (AC +6) [Xom's grace]
  1870 | D:3      | Gained mutation: You are agile. (Dex +4, Str/Int -1) [Xom's
                  | grace]
  2167 | D:3      | XOM: 1-stop teleportation journey
  2436 | D:3      | XOM: enchant monster (good)
  2452 | D:3      | Reached XP level 5. HP: 45/45 MP: 4/4
  2461 | D:3      | XOM: scenery: 1 doors open
  2486 | D:3      | Found a white marble altar of Elyvilon.
  2486 | D:3      | XOM: 4-stop teleportation journey
  2619 | D:3      | XOM: cloud trail
  2751 | D:3      | Found a shimmering altar of Xom.
  2874 | D:3      | XOM: give mutation
  2874 | D:3      | Gained mutation: You are very agile. (Dex +8, Str/Int -2)
                  | [Xom's grace]
  3392 | D:3      | XOM: give mutations
  3392 | D:3      | Gained mutation: You have sharp toenails. [Xom's grace]
  3392 | D:3      | Gained mutation: You have a pair of large horns on your
                  | head. [Xom's grace]
  3392 | D:3      | Gained mutation: Your system is resistant to poisons.
                  | (rPois) [Xom's grace]
  3392 | D:3      | Gained mutation: You have hidden genetic potential. [Xom's
                  | grace]
  3441 | D:3      | XOM: god gift: short sword {god gift}
  3929 | D:4      | Noticed a black bear
  3932 | D:4      | XOM: 1-stop teleportation journey
  3997 | D:4      | Noticed Ijyb
  4003 | D:4      | XOM: smoke on damage
  4017 | D:4      | Killed Ijyb
  4046 | D:4      | Noticed Pikel
  4046 | D:4      | Noticed a lemure
  4046 | D:4      | Noticed a lemure
  4046 | D:4      | Noticed a lemure
  4050 | D:4      | XOM: fog
  4058 | D:4      | XOM: cast spell 'Discord'
  4060 | D:4      | Killed a lemure
  4067 | D:4      | Killed Pikel
  4068 | D:4      | Reached XP level 6. HP: 34/51 MP: 5/5
  4068 | D:4      | Reached XP level 7. HP: 38/57 MP: 6/6
  4093 | D:4      | Gained mutation: You have razor-sharp toenails. [hidden
                  | potential]
  4159 | D:4      | XOM: cast spell 'Chain of Chaos'
  4163 | D:4      | Reached skill level 10 in Axes
  4226 | D:4      | XOM: divination: magic mapping
  4320 | D:5      | Entered Level 5 of the Dungeon
  4333 | D:5      | XOM: confuse monster(s)
  4356 | D:5      | Noticed Edmund
  4367 | D:5      | Killed Edmund
  4517 | D:5      | XOM: cast spell 'Summon Cactus Giant'
  4527 | D:5      | Reached XP level 8. HP: 54/64 MP: 7/7
  4547 | D:5      | Gained mutation: Your muscles are strong. (Str +4, Int/Dex
                  | -1) [hidden potential]
  4547 | D:5      | Lost mutation: You have hidden genetic potential. [hidden
                  | potential expressed]
  4740 | D:5      | XOM: confuse monster(s)
  4847 | D:5      | XOM: silly message
  5365 | D:6      | You are sucked into a shaft and drop 2 floors!
  5379 | D:8      | XOM: noise
  5456 | D:8      | XOM: divination: magic mapping
  5471 | D:8      | Reached skill level 5 in Fighting
  5477 | D:7      | Found a sand-covered staircase.
  5490 | Ossuary  | Entered an ossuary
  5671 | Ossuary  | Reached XP level 9. HP: 74/74 MP: 8/8
  5881 | D:7      | XOM: silly message
  5965 | D:6      | Found a staircase to the Ecumenical Temple.
  5996 | D:6      | XOM: silly message
  6080 | D:6      | XOM: divination: detect creatures
  6138 | D:6      | XOM: silly message
  6148 | D:6      | Reached skill level 5 in Armour
  6192 | D:6      | XOM: noise
  6360 | D:6      | XOM: god gift: war axe {god gift}
  6408 | D:6      | Found a shadowy altar of Dithmenos.
  6544 | D:6      | XOM: give mutations
  6544 | D:6      | Lost mutation: You passively dampen the noise of your
                  | surroundings. [Xom's mischief]
  6544 | D:6      | Lost mutation: You have a pair of large horns on your head.
                  | [Xom's mischief]
  6544 | D:6      | Lost mutation: You have razor-sharp toenails. [Xom's
                  | mischief]
  6564 | D:6      | XOM: summons friendly crimson imp
  6818 | D:7      | XOM: summons 9 friendly demons
  6845 | D:7      | Found a broken altar of Ashenzari.
  6885 | D:7      | Reached skill level 5 in Dodging
  6943 | D:7      | Found a stormy altar of Qazlal.
  7031 | D:7      | Noticed Prince Ribbit
  7037 | D:7      | Killed Prince Ribbit
  7289 | D:7      | Reached XP level 10. HP: 86/86 MP: 9/9
  7693 | D:7      | XOM: summons 3 hostile demons
  7780 | D:8      | XOM: summons friendly quasit
  7924 | D:8      | XOM: potion effect (berserk rage)
  7930 | D:8      | Identified the ring of Doubts {*Corrode rElec AC+4 Int+2
                  | Slay+5}
  7936 | D:8      | XOM: blink monster(s)
  7982 | D:8      | XOM: 1-stop teleportation journey
  8063 | D:8      | XOM: smoke on damage
  8160 | D:8      | Found an iron altar of Okawaru.
  8163 | D:8      | Found a sacrificial altar of Ru.
  8168 | D:8      | Found an ornate altar of the Wu Jian Council.
  8308 | D:8      | Noticed Gastronok
  8310 | D:8      | XOM: divination: magic mapping
  8335 | D:8      | XOM: silly message
  8341 | D:8      | XOM: potion effect (attraction)
  8346 | D:8      | XOM: noise
  8350 | D:8      | Killed Gastronok
  8444 | D:8      | XOM: god gift: wand of charming (3)
  8549 | D:9      | Found a staircase to the Lair.
  8679 | D:9      | Paralysed by a hornet for 1 turns
  8804 | D:9      | XOM: scenery: 2 doors close
  8811 | D:9      | XOM: polymorph orc wizard -> hobgoblin
  8841 | D:9      | Noticed a two-headed ogre
  8841 | D:9      | XOM: summons friendly white imp
  8856 | D:9      | Killed a two-headed ogre
  8874 | D:9      | XOM: polymorph white imp -> cerulean imp
  8935 | D:9      | XOM: scenery: summon butterflies
  8937 | D:9      | Noticed Harold
  8954 | D:9      | Killed Harold
  8955 | D:9      | Reached XP level 11. HP: 85/97 MP: 10/10
  9007 | D:9      | XOM: enchant monster (good)
  9181 | D:9      | Found a staircase to the Orcish Mines.
  9210 | D:9      | XOM: give mutations
  9210 | D:9      | Lost mutation: You are completely covered in iridescent
                  | scales. (AC +6) [Xom's mischief]
  9210 | D:9      | Gained mutation: You are dopey. (Int -2) [Xom's mischief]
  9210 | D:9      | Lost mutation: Your system is resistant to poisons. (rPois)
                  | [Xom's mischief]
  9210 | D:9      | Lost mutation: You have sharp toenails. [Xom's mischief]
  9925 | Lair:1   | Entered Level 1 of the Lair of Beasts
  9925 | Lair:1   | Noticed an oklob plant
  9936 | Lair:1   | XOM: give mutations
  9936 | Lair:1   | Gained mutation: You are completely covered in iridescent
                  | scales. (AC +6) [Xom's grace]
  9936 | Lair:1   | Gained mutation: You have an increased reservoir of magic.
                  | (+10% MP) [Xom's grace]
  9936 | Lair:1   | Gained mutation: You passively dampen the noise of your
                  | surroundings. [Xom's grace]
  9936 | Lair:1   | Gained mutation: You expend magic power (3 MP) to
                  | strengthen your wands. [Xom's grace]
  9961 | Lair:1   | XOM: summons friendly white imp
 10116 | Lair:1   | XOM: 7-stop teleportation journey
 10136 | Lair:1   | XOM: confuse monster(s)
 10144 | Lair:1   | XOM: cleaving
 10146 | Lair:1   | XOM: fog
 10148 | Lair:1   | XOM: summons friendly ice devil
 10218 | Lair:1   | XOM: god gift: condenser vane
 10268 | Lair:1   | Reached skill level 10 in Fighting
 10613 | Lair:1   | XOM: scenery: 2 doors open
 10664 | Lair:1   | XOM: give mutations
 10664 | Lair:1   | Gained mutation: You passively map a small area around you.
                  | [Xom's mischief]
 10664 | Lair:1   | Lost mutation: You passively map a small area around you.
                  | [Xom's mischief]
 10664 | Lair:1   | Gained mutation: You are somewhat resistant to further
                  | mutation. [Xom's mischief]
 10664 | Lair:1   | Lost mutation: You are somewhat resistant to further
                  | mutation. [Xom's mischief]
 11028 | Lair:2   | Identified the +7 ring mail of Privacy {MP+9 Int+3}
 11127 | Lair:2   | XOM: enchant monster (bad)
 11129 | Lair:2   | Noticed a four-headed hydra
 11134 | Lair:2   | Reached skill level 10 in Armour
 11231 | Lair:2   | XOM: silly message
 11364 | Lair:2   | XOM: noise
 11444 | Lair:2   | Found a hole to the Spider Nest.
 11475 | Lair:2   | Reached skill level 15 in Axes
 11570 | Lair:2   | Noticed a skyshark
 11574 | Lair:2   | XOM: cleaving
 11580 | Lair:2   | XOM: swap monsters
 11584 | Lair:2   | Killed a skyshark
 11609 | Lair:2   | XOM: 1-stop teleportation journey
 11641 | Lair:2   | Found a frozen archway.
 11711 | Lair:2   | XOM: fake destruction
 11734 | Lair:2   | XOM: 1-stop teleportation journey
 11863 | Lair:2   | XOM: cast spell 'Leda's Liquefaction'
 11878 | Lair:2   | Killed a 16-headed hydra
 11879 | Lair:2   | Reached XP level 12. HP: 46/110 MP: 0/12
 11889 | Lair:2   | XOM: summons friendly orange demon
 11891 | Lair:2   | XOM: smoke on damage
 12053 | Lair:2   | XOM: torment (54/110 hp)
 12223 | Lair:2   | XOM: noise
 12457 | Lair:2   | Found a staircase to the Swamp.
 12563 | Lair:2   | XOM: draining
 12700 | Lair:3   | XOM: summons 3 hostile demons
 12703 | Lair:3   | XOM: summons 5 hostile demons
 12832 | Lair:3   | Reached skill level 10 in Dodging
 12902 | Lair:3   | XOM: give mutations
 12902 | Lair:3   | Lost mutation: You expend magic power (3 MP) to strengthen
                  | your wands. [Xom's mischief]
 12902 | Lair:3   | Gained mutation: You are robust. (+10% HP) [Xom's mischief]
 12902 | Lair:3   | Lost mutation: You have an increased reservoir of magic.
                  | (+10% MP) [Xom's mischief]
 12902 | Lair:3   | Lost mutation: You are completely covered in iridescent
                  | scales. (AC +6) [Xom's mischief]
 12939 | Lair:3   | XOM: give mutations
 12939 | Lair:3   | Gained mutation: You have supernaturally acute eyesight.
                  | (SInv) [Xom's mischief]
 12939 | Lair:3   | Lost mutation: You passively dampen the noise of your
                  | surroundings. [Xom's mischief]
 12969 | Lair:3   | XOM: noise
 13764 | Lair:3   | XOM: cleaving
 13767 | Lair:3   | XOM: swap monsters
 14050 | Lair:4   | Noticed a six-headed hydra
 14061 | Lair:4   | Killed a seven-headed hydra
 14197 | Lair:4   | XOM: chaos cloud
 14273 | Lair:4   | Found a staircase to the Slime Pits.
 14274 | Lair:4   | Found a viscous altar of Jiyva.
 14330 | Lair:4   | Noticed a catoblepas
 14608 | Lair:4   | Identified 2 scrolls of acquirement
 14609 | Lair:4   | Acquired the amulet of Mutualism {Acrobat Regen+}
 14617 | Lair:4   | Acquired the +7 plate armour of Gestures {Stlth+}
 14832 | Lair:4   | XOM: divination: magic mapping
 14842 | Lair:4   | XOM: blink monster(s)
 14934 | Lair:4   | Noticed a seven-headed hydra
 14950 | Lair:4   | Killed a 13-headed hydra
 14951 | Lair:4   | Reached XP level 13. HP: 100/134 MP: 12/12
 15054 | Lair:4   | XOM: confusion
 15108 | Lair:4   | XOM: 6-stop teleportation journey
 15307 | Lair:5   | Entered Level 5 of the Lair of Beasts
 15413 | Lair:5   | Found a snail-covered altar of Cheibriados.
 15415 | Lair:5   | XOM: polymorph torpor snail -> black bear
 15463 | Lair:5   | XOM: polymorph cane toad -> shapeshifter
 15528 | Lair:5   | XOM: give mutation
 15528 | Lair:5   | Lost mutation: You are robust. (+10% HP) [Xom's mischief]
 15567 | Lair:5   | XOM: draining
 15568 | Lair:5   | XOM: scenery: summon butterflies
 15578 | Lair:5   | XOM: divination: detect items
 15585 | Lair:5   | XOM: potion effect (attraction)
 15711 | Lair:5   | XOM: potion effect (attraction)
 15718 | Lair:5   | XOM: silly message
 15783 | Lair:5   | XOM: potion effect (might)
 15785 | Lair:5   | XOM: potion effect (invisibility)
 15804 | Lair:5   | XOM: give mutations
 15804 | Lair:5   | Gained mutation: Your muscles are very strong. (Str +8,
                  | Int/Dex -2) [Xom's grace]
 15804 | Lair:5   | Gained mutation: You are completely covered in iridescent
                  | scales. (AC +6) [Xom's grace]
 15906 | Lair:5   | XOM: 1-stop teleportation journey
 16024 | Lair:5   | XOM: cleaving
 16026 | Lair:5   | Identified the ring "Qerism" {rPois rF++ rN+} (Xom gifted
                  | it to you on level 5 of the Lair of Beasts)
 16026 | Lair:5   | XOM: god gift: ring "Qerism" {rPois rF++ rN+}
 16062 | Lair:5   | XOM: summons 3 friendly demons
 16084 | Lair:5   | Found a large runed translucent door.
 16086 | Lair:5   | Found a large runed translucent door.
 16088 | Lair:5   | XOM: cleaving
 16126 | Lair:5   | XOM: 3-stop teleportation journey
 16186 | Lair:5   | XOM: give mutations
 16186 | Lair:5   | Lost mutation: You are completely covered in iridescent
                  | scales. (AC +6) [Xom's mischief]
 16186 | Lair:5   | Gained mutation: Your spells are a little harder to cast,
                  | but a little more powerful. [Xom's mischief]
 16186 | Lair:5   | Lost mutation: You are very agile. (Dex +8, Str/Int -2)
                  | [Xom's mischief]
 16186 | Lair:5   | Gained mutation: You possess an exceptional clarity of
                  | mind. [Xom's mischief]
 16579 | Lair:5   | Reached skill level 15 in Fighting
 16635 | Lair:5   | XOM: polymorph black mamba -> rat
 16729 | Lair:5   | XOM: god gift: Fen Folio
 16786 | Lair:5   | XOM: give mutations
 16786 | Lair:5   | Gained mutation: Your natural rate of healing is unusually
                  | fast. [Xom's grace]
 16786 | Lair:5   | Gained mutation: You expend magic power (3 MP) to
                  | strengthen your wands. [Xom's grace]
 16786 | Lair:5   | Gained mutation: Your system is resistant to poisons.
                  | (rPois) [Xom's grace]
 17115 | Lair:2   | Reached XP level 14. HP: 128/135 MP: 13/13
 17194 | D:9      | XOM: god gift: amulet of faith
 17210 | D:10     | Entered Level 10 of the Dungeon
 17210 | D:10     | Found the +5 Force Lance {heavy, knockback}
 17315 | D:10     | XOM: polymorph yak -> dream sheep
 17358 | D:10     | XOM: god gift: +2 buckler of poison resistance
 17374 | D:10     | XOM: noise
 17450 | D:10     | XOM: god gift: phantom mirror
 17737 | D:10     | XOM: give mutation
 17737 | D:10     | Gained mutation: You passively dampen the noise of your
                  | surroundings. [Xom's grace]
 17874 | D:10     | XOM: silly message
 18179 | D:11     | XOM: confuse monster(s)
 18482 | D:12     | XOM: cleaving
 18528 | D:12     | Found a runed translucent door.
 18545 | D:12     | XOM: give mutations
 18545 | D:12     | Lost mutation: You are mostly covered in iridescent scales.
                  | (AC +4) [Xom's mischief]
 18545 | D:12     | Lost mutation: Your system is resistant to poisons. (rPois)
                  | [Xom's mischief]
 18545 | D:12     | Lost mutation: You possess an exceptional clarity of mind.
                  | [Xom's mischief]
 18545 | D:12     | Lost mutation: Your spells are a little harder to cast, but
                  | a little more powerful. [Xom's mischief]
 18613 | D:12     | Found a portal to a secret trove of treasure.
 18613 | D:12     | Found a gate leading to a gauntlet.
 18634 | D:12     | Noticed Erolcha
 18638 | D:12     | XOM: 7-stop teleportation journey
 18696 | D:12     | XOM: silly message
 18709 | D:12     | Killed Erolcha
 18932 | D:12     | XOM: give mutation
 18932 | D:12     | Lost mutation: Your muscles are very strong. (Str +8,
                  | Int/Dex -2) [Xom's mischief]
 18994 | D:13     | Noticed Lodul
 19027 | D:13     | XOM: silly message
 19039 | D:13     | Killed Lodul
 19157 | D:13     | Found Rodieb's Book Emporium.
 19390 | D:13     | Noticed Sonja
 19390 | D:13     | XOM: confusion
 19414 | D:13     | Killed Sonja
 19544 | D:13     | XOM: summons 8 friendly demons
 19657 | D:13     | Found an iron altar of Okawaru.
 19760 | D:13     | XOM: 1-stop teleportation journey
 20105 | Orc:1    | Entered Level 1 of the Orcish Mines
 20130 | Orc:1    | Noticed Josephine
 20140 | Orc:1    | Killed Josephine
 20225 | Orc:1    | Noticed Fannar
 20233 | Orc:1    | XOM: polymorph ice beast -> ice beast
 20263 | Orc:1    | Killed Fannar
 20357 | Orc:1    | XOM: cleaving
 20361 | Orc:1    | Noticed Maurice
 20370 | Orc:1    | Killed Maurice
 20527 | Orc:2    | Entered Level 2 of the Orcish Mines
 20598 | Orc:2    | Found a staircase to the Elven Halls.
 20682 | Orc:2    | Noticed Rupert
 20688 | Orc:2    | XOM: summons friendly iron imp
 20702 | Orc:2    | Killed Rupert
 20710 | Orc:2    | XOM: enchant monster (good)
 20729 | Orc:2    | XOM: confusion (+ monsters)
 20814 | Orc:2    | XOM: cast spell 'Animate Armour'
 20974 | Orc:2    | Found Zadyzel's Book Emporium.
 21122 | Orc:2    | XOM: cast spell 'Summon Hydra'
 21156 | Orc:2    | Found Rilazik's Antique Armour Shop.
 21156 | Orc:2    | Found Hoxokon's General Store.
 21158 | Orc:2    | Found Jyigog's Book Shoppe.
 21160 | Orc:2    | Found Lattib's Weapon Boutique.
 21172 | Orc:2    | Bought the +8 Wrath of Trog {antimagic, *Rage Rampage} for
                  | 1120 gold pieces
 21172 | Orc:2    | Found the +8 Wrath of Trog {antimagic, *Rage Rampage}
 21252 | Orc:2    | Found Oricolam's Self-Improvement Boutique.
 21497 | Elf:1    | Entered Level 1 of the Elven Halls
 21525 | Elf:1    | Reached XP level 15. HP: 147/147 MP: 4/14
 21566 | Elf:1    | XOM: scenery: 1 doors close
 21571 | Elf:1    | XOM: enchant monster (good)
 21665 | Elf:1    | XOM: cast spell 'Summon Small Mammal'
 21856 | Elf:1    | Noticed a deep elf sorcerer
 21862 | Elf:1    | Killed a deep elf sorcerer
 21946 | Elf:1    | XOM: potion effect (experience)
 21946 | Elf:1    | Reached skill level 15 in Armour
 21946 | Elf:1    | Reached XP level 16. HP: 157/157 MP: 5/15
 21958 | Elf:1    | XOM: cast spell 'Iskenderun's Battlesphere'
 21992 | Elf:1    | Paralysed by an air elemental for 1 turns
 22346 | Elf:2    | XOM: divination: magic mapping
 22350 | Elf:2    | XOM: confuse monster(s)
 22407 | Elf:2    | Found Weast's General Store.
 22429 | Elf:2    | XOM: confuse monster(s)
 22485 | Elf:2    | XOM: cast spell 'Monstrous Menagerie'
 22494 | Elf:2    | XOM: fake destruction
 22506 | Elf:2    | XOM: summons 2 friendly demons
 22513 | Elf:2    | XOM: confuse monster(s)
 22531 | Elf:2    | XOM: cast spell 'Disjunction'
 22595 | Elf:2    | Found a runed translucent gate.
 22595 | Elf:2    | Found a runed translucent gate.
 22595 | Elf:2    | Found a runed translucent gate.
 22597 | Elf:2    | Found an opulent altar of Gozag.
 22598 | Elf:2    | Noticed Masud's ghost (adept TeRe)
 22599 | Elf:2    | Found Weojay's Assorted Antiques.
 22739 | Elf:2    | Identified the ring of Zujuyv {rN+ MP+9 Int+3}
 22849 | Elf:2    | XOM: divination: detect items
 22854 | Elf:2    | Found a huge runed translucent gate.
 22854 | Elf:2    | Found a huge runed translucent gate.
 22854 | Elf:2    | Found a huge runed translucent gate.
 22856 | Elf:2    | Found a huge runed translucent gate.
 22857 | Elf:2    | Found a huge runed translucent gate.
 23042 | Elf:2    | XOM: potion effect (curing)
 23175 | Elf:2    | XOM: destruction
 23192 | Elf:2    | HP: 7/161 [fire elemental[a deep elf pyromancer] (5)]
 23192 | Elf:2    | Slain by a +3 glaive of venom

Illustrated notes

Levels and vault maps discovered:
D:1:      onia_arrival_zoo_common, layout_loops_ring, serial_shops, shop,
          ebering_ecumenical_altar_hall
D:2:      layout_basic, serial_undead, serial_undead_e, serial_undead_c,
          serial_undead_d, serial_undead_c
D:3:      layout_basic, mainiacjoe_overflow_alcove_1, elyvilon_altar_3,
          serial_shops, shop, nicolae_shop_tiny_waterfront, shop
D:4:      layout_loops_ring, uniq_pikel, uniq_ijyb
D:5:      layout_rooms, serial_library_regret_index_multi, uniq_edmund
D:6:      layout_cave_pools, grunt_dithmenos_smoke_and_mirrors,
          minmay_temple_entry_gardened_gates, serial_gnoll_camp,
          gnoll_camp_mini_hut, gnoll_camp_mini_hut, gnoll_camp_huts_moat,
          gnoll_camp_mini_hut, gnoll_camp_mini_sergeant, minmay_door_square
D:7:      layout_gridville, overflow_temple_1_default,
          cheibrodos_ashenzari_chains, nicolae_ossuary_entry_monument,
          uniq_prince_ribbit1
D:8:      layout_basic, grunt_temple_overflow_diamond, minmay_ruffians,
          uniq_gastronok
D:9:      layout_basic, lair_entry_dummy, david_orc_5, lemuel_flamethrower_1,
          uniq_harold
D:10:     layout_long_grid, st_stairs_13, eino_small_chamber_without_monster
D:11:     layout_gridville
D:12:     layout_cave_pools, enter_trove_1, gauntlet_entry_generic,
          kennysheep_treasure_room, uniq_erolcha
D:13:     layout_grid_maze, serial_shops, nicolae_shop_tiny_real_fake_doors,
          kennysheep_okawaru_gauntlet, uniq_sonja, uniq_lodul
Lair:1:   layout_chaotic_city, dpeg_stationary_puzzle, grunt_megastairs_2,
          serial_bayou_shore_a
Lair:2:   layout_roguey, minmay_swamp_entry_worms, spider_nest_entry_web_field,
          portal_ice_cave_entry_pillars_2, chequers_serial_rivers_small_a,
          grunt_megastairs_1, infiniplex_staircase_pool
Lair:3:   layout_cave_pods, chequers_serial_rivers_room_a,
          eino_house_with_fridge
Lair:4:   layout_concentric_octagons, slime_entry_1
Lair:5:   cheibrodos_lair_end_hotspot, layout_gridlike, kennysheep_snail_temple
Orc:1:    layout_caves, uniq_fannar, uniq_urug, uniq_maurice, uniq_josephine
Orc:2:    st_orc_rangers, layout_diamond_mine, serial_shops, shop,
          nicolae_shop_self_help, uniq_rupert
Elf:1:    layout_gridlike, hangedman_elf_disciples
Elf:2:    elven_hall_of_blades_hangedman_alternative
          [nicolae_blade_entry_floor_patterns], layout_gridlike, serial_shops,
          shop, ebering_ghost_gozag, nicolae_elevator_lobby_plus

Skill      XL: |  1  2  3  4  5  6  7  8  9 10 11 12 13 14 15 16 |
---------------+-------------------------------------------------+-----
Axes           | 4 5 6 9 11 12 14 15 16 17 18 19 | 19.2
Fighting       | 5 7 9 11 13 15 17 18 19 | 19.5
Armour         | 4 6 9 10 12 13 14 15 16 | 16.0
Dodging        | 3 5 8 9 11 12 13 14 | 14.7

Action                     |  1- 3 |  4- 6 |  7- 9 | 10-12 | 13-15 | 16-18 || total
---------------------------+-------+-------+-------+-------+-------+-------++-------
  Melee: Hand axe          |    74 |   113 |   379 |   638 |   664 |       ||  1868
         Headbutt          |     8 |    19 |    88 |   175 |   177 |    25 ||   492
         Battleaxe         |       |       |       |       |    52 |   132 ||   184
  Throw: Throwing net      |       |       |       |     1 |       |       ||     1
  Evoke: Wand              |       |       |       |    11 |       |       ||    11
         Condenser vane    |       |       |       |     1 |       |       ||     1
    Use: Scroll            |       |       |     1 |    21 |    14 |     2 ||    38
         Potion            |       |       |       |       |     2 |     5 ||     7
   Stab: Confused          |     1 |       |     5 |     8 |     9 |     4 ||    27
         Distracted        |       |       |       |     3 |     2 |       ||     5
         Paralysed         |       |       |       |     2 |     1 |       ||     3
         Petrifying        |       |       |       |     1 |     3 |       ||     4
         Invisible         |       |       |       |       |     9 |       ||     9
         Sleeping          |       |       |       |       |     2 |       ||     2
         Petrified         |       |       |       |       |     1 |       ||     1
 Armour: Leather armour    |    59 |    78 |    32 |       |       |       ||   169
         Chain mail        |       |       |   150 |   311 |       |       ||   461
         Plate armour      |       |       |       |    22 |   439 |   140 ||   601
  Dodge: Dodged            |    35 |    44 |    98 |   273 |   433 |    91 ||   974
  Block: Kite shield       |       |    36 |   121 |   162 |   335 |       ||   654
